 Dungeon Crawl Stone Soup version 0.20.1-1-g8b1a95d (webtiles) character file.

5189 JackS81 the Carver (level 10, -9/77 HPs)
             Began as a Barachi Fighter on Aug 19, 2017.
             Was a Believer of the Shining One.
             Mangled by a two-headed ogre
             ... wielding a +0 giant club
              (25 damage)
             ... on level 8 of the Dungeon.
             The game lasted 00:48:37 (7595 turns).

JackS81 the Carver (Barachi Fighter)                Turns: 7595, Time: 00:48:37

Health: -9/77      AC: 17    Str: 19    XL:     10   Next: 60%
Magic:  10/12      EV:  4    Int: 12    God:    the Shining One [**....]
Gold:   427        SH: 17    Dex: 13    Spells: 9/9 levels left

rFire    . . .     SeeInvis .   a - +0 long sword
rCold    . . .     Gourm    .   c - +0 shield
rNeg     + + .     Faith    .   I - +0 plate armour
rPois    .         Spirit   .   g - +1 hat {Int+3}
rElec    .         Reflect  .   (no cloak)
rCorr    .         Harm     .   (no gloves)
MR       .....                  E - +1 pair of boots
Stlth    ..........             (no amulet)
Regen    0.3/turn               n - ring of positive energy
MPRegen  0.2/turn               u - +1 ring of protection

@: divine shield, glowing, slow
A: +LOS, swims, slowness 1, strong legs 1
a: Hop, Divine Shield, Renounce Religion


You were on level 8 of the Dungeon.
You worshipped the Shining One.
The Shining One was pleased with you.
You were not hungry.

You visited 2 branches of the dungeon, and saw 10 of its levels.

You collected 427 gold pieces.

Inventory:

Hand Weapons
 a - a +0 long sword (weapon)
 m - a cursed -2 morningstar
 q - a +0 shortbow
 w - a cursed -2 flail
 B - a +0 hunting sling
 H - a +0 dagger of protection
 N - a +0 falchion
 V - a +2 flail of holy wrath
Missiles
 i - 137 arrows
 F - 39 bolts
Armour
 b - a +0 scale mail
 c - a +0 shield (worn)
 g - a +1 hat of intelligence (worn)
 E - a +1 pair of boots (worn)
 I - a +0 plate armour (worn)
 R - +1 steam dragon scales
Jewellery
 n - a ring of positive energy (left hand)
 u - a +1 ring of protection (right hand)
 K - an uncursed ring of positive energy
 T - a +2 ring of intelligence
Wands
 h - a wand of acid (3/15)
 r - a wand of digging (14/24)
 v - a wand of iceblast (0/15)
 A - a wand of iceblast (6/15)
 C - a wand of flame (26/48)
 D - a wand of lightning (1/15)
 O - a wand of lightning (7/15)
 P - a wand of lightning (5/15)
Scrolls
 j - a scroll of remove curse
 k - 2 scrolls of magic mapping
 p - a scroll of amnesia {unknown}
 x - a scroll of summoning {unknown}
 y - 3 scrolls of noise
 J - 2 scrolls of enchant weapon {unknown}
 L - a scroll of blinking {unknown}
 Q - a scroll of enchant armour
 S - 2 scrolls of identify
Potions
 d - a potion of might
 e - a potion of mutation
 o - a potion of invisibility
 z - 3 potions of agility
 G - a potion of lignification
 M - a potion of berserk rage
Comestibles
 f - 5 bread rations
 s - 2 meat rations
 t - 3 royal jellies
 U - 4 chunks of flesh


   Skills:
 + Level 6.7 Fighting
 * Level 14.2 Long Blades
 + Level 7.8 Armour
 + Level 5.0 Shields
 * Level 3.5 Invocations


You had 9 spell levels left.
You didn't know any spells.

Dungeon Overview and Level Annotations

Branches:
Dungeon (9/15)             Temple (1/1) D:4
   Lair: D:8-11         Orc: D:9-12

Altars:
Ashenzari
Cheibriados
Dithmenos
Elyvilon
Fedhas
Gozag
Hepliaklqana
Kikubaaqudgha
Makhleb
Okawaru
Qazlal
Ru
Sif Muna
Trog
Uskayaw
Vehumet
Xom
Yredelemnul
Zin
The Shining One


Innate Abilities, Weirdness & Mutations

Shadows flee at your approach. (+LOS)
You can swim through water.
You cover ground slowly.
You can hop short distances.


Message History

The two-headed ogre hits you with a giant club.
* * * LOW HITPOINT WARNING * * *
You block the two-headed ogre's attack.
You hit the two-headed ogre but do no damage.
The two-headed ogre is heavily wounded.
You slash the two-headed ogre!
The two-headed ogre is severely wounded.
You block the two-headed ogre's attack. x2
You hit the two-headed ogre but do no damage.
The two-headed ogre is severely wounded.
You block the two-headed ogre's attack.
The two-headed ogre hits you with a giant spiked club.
* * * LOW HITPOINT WARNING * * *
You slash the two-headed ogre!
The two-headed ogre is almost dead.
You hit the two-headed ogre.
The two-headed ogre is almost dead.
You block the two-headed ogre's attack.
The two-headed ogre hits you with a giant spiked club!!
You die...

### ..## ####### ...#
#.....# ..## #.....# ..#
#.....# ..# #@# ## ..#
###O########..# ..#
#......O....... ..#
#.............. ..#
#.............. ..######
#...##...###..
.......#######...##...###..
...........>.(...#[.........
......)))....(...(..........


You could see a two-headed ogre.

Vanquished Creatures
  3 two-headed ogres (D:8)
  Pikel (D:8)
  2 steam dragons (D:6)
  3 ice beasts
  A slave (D:8)
  A phantom (D:4)
  An ogre (D:7)
  2 necrophages
  4 centaurs
  4 bullfrogs
  10 killer bees (D:7)
  2 jellies
  3 crimson imps
  4 orc priests
  2 centaur skeletons
  A gnoll shaman (D:7)
  2 bullfrog skeletons (D:6)
  7 orc wizards
  An iguana (D:6)
  4 worker ants
  A hound skeleton (D:6)
  5 gnolls (D:7)
  4 adders
  2 shadow imps
  An adder zombie (D:6)
  3 worms
  3 dart slugs
  A leopard gecko (D:4)
  28 orcs
  5 bats
  2 giant cockroaches
  6 goblins
  5 hobgoblins
  7 jackals
  4 quokkas
  A ball python (D:3)
  A frilled lizard (D:3)
  2 jackal zombies
  13 kobolds
  A quokka skeleton (D:7)
  3 rats
156 creatures vanquished.

Vanquished Creatures (others)
  A steam dragon (D:8)
  3 slaves (D:8)
  A centaur (D:8)
  A big kobold (D:8)
  A worker ant (D:8)
  A shadow imp (D:8)
  An orc (D:8)
  A jackal (D:8)
  A kobold (D:8)
11 creatures vanquished.

Grand Total: 167 creatures vanquished

Notes
Turn   | Place    | Note
-------+----------+-------------------------------------------
     0 | D:1      | JackS81 the Barachi Fighter began the quest for the Orb.
     0 | D:1      | Reached XP level 1. HP: 18/18 MP: 1/1
   123 | D:1      | Reached skill level 3 in Long Blades
   150 | D:1      | Reached XP level 2. HP: 6/24 MP: 2/2
   576 | D:2      | Reached skill level 4 in Long Blades
   623 | D:2      | Reached XP level 3. HP: 29/29 MP: 3/3
   943 | D:3      | Found a bloodstained altar of Trog.
  1078 | D:3      | Reached skill level 5 in Long Blades
  1084 | D:3      | Reached XP level 4. HP: 25/36 MP: 4/4
  1168 | D:3      | Reached skill level 6 in Long Blades
  1168 | D:3      | Reached XP level 5. HP: 7/41 MP: 5/5
  2013 | D:4      | Reached skill level 7 in Long Blades
  2059 | D:4      | Noticed a phantom
  2089 | D:4      | Killed a phantom
  2089 | D:4      | Reached XP level 6. HP: 15/48 MP: 6/6
  2593 | D:4      | Noticed a necrophage
  2605 | D:4      | Killed a necrophage
  2605 | D:4      | Reached skill level 8 in Long Blades
  2680 | D:4      | Found a stormy altar of Qazlal.
  2890 | D:4      | Found a staircase to the Ecumenical Temple.
  2894 | Temple   | Entered the Ecumenical Temple
  3038 | Temple   | Became a worshipper of the Shining One
  3128 | D:4      | Reached XP level 7. HP: 53/53 MP: 7/7
  3355 | D:5      | Entered Level 5 of the Dungeon
  3755 | D:5      | You fall through a shaft!
  3799 | D:6      | Found a sacrificial altar of Ru.
  3929 | D:6      | Reached skill level 9 in Long Blades
  3960 | D:6      | Reached * piety under the Shining One
  3984 | D:6      | Found a shattered altar of Ashenzari.
  4003 | D:6      | Noticed a steam dragon
  4021 | D:6      | Noticed a steam dragon
  4024 | D:6      | Killed a steam dragon
  4041 | D:6      | Killed a steam dragon
  4041 | D:6      | Reached XP level 8. HP: 36/61 MP: 8/8
  4509 | D:5      | Reached skill level 10 in Long Blades
  4688 | D:6      | Reached skill level 5 in Armour
  4784 | D:6      | Found an iron altar of Okawaru.
  5073 | D:6      | Found a deep blue altar of Sif Muna.
  5139 | D:6      | Reached skill level 11 in Long Blades
  5240 | D:6      | Reached skill level 5 in Fighting
  5396 | D:7      | Reached XP level 9. HP: 38/68 MP: 9/9
  5396 | D:7      | Reached skill level 12 in Long Blades
  5969 | D:7      | Found a shadowy altar of Dithmenos.
  6038 | D:7      | Found a hide-covered altar of Uskayaw.
  6189 | D:7      | Reached ** piety under the Shining One
  6211 | D:7      | Reached skill level 1 in Invocations
  6735 | D:8      | Noticed a two-headed ogre
  6771 | D:8      | Killed a two-headed ogre
  6771 | D:8      | Reached skill level 13 in Long Blades
  6771 | D:8      | Reached XP level 10. HP: 7/76 MP: 7/11
  7096 | D:8      | Noticed Pikel
  7121 | D:8      | Killed Pikel
  7175 | D:8      | Noticed a two-headed ogre
  7196 | D:8      | The Shining One protects you from harm!
  7227 | D:8      | Killed a two-headed ogre
  7229 | D:8      | Noticed a two-headed ogre
  7499 | D:8      | Killed a two-headed ogre
  7499 | D:8      | Reached skill level 14 in Long Blades
  7499 | D:8      | Reached skill level 5 in Shields
  7572 | D:8      | Noticed a two-headed ogre
  7588 | D:8      | The Shining One protects you from harm!
  7595 | D:8      | Mangled by a two-headed ogre

Skill      XL: |  1  2  3  4  5  6  7  8  9 10 |
---------------+-------------------------------+-----
Long Blades    | 3 4 5 6 7 8 9 11 13 14 | 14.2
Fighting       | 4 5 6 |  6.7
Armour         | 4 5 7 |  7.8
Invocations    | 2 3 |  3.5
Shields        | 4 5 |  5.0

Action                   |  1- 3 |  4- 6 |  7- 9 | 10-12 || total
-------------------------+-------+-------+-------+-------++-------
Melee: Long sword        |   122 |   136 |   341 |    88 ||   687
Invok: Divine Shield     |       |       |     1 |     3 ||     4
 Abil: Hop               |     1 |       |       |       ||     1
Evoke: Wand              |       |       |     6 |     2 ||     8
  Use: Potion            |       |       |     7 |     2 ||     9
       Scroll            |       |       |    12 |       ||    12
  Eat: Chunk             |     1 |     7 |     6 |     1 ||    15
       Fruit             |       |     1 |     3 |       ||     4
       Bread ration      |       |       |     1 |     1 ||     2
Armor: Scale mail        |    48 |    33 |       |       ||    81
       Plate armour      |       |    15 |   222 |    44 ||   281
Dodge: Dodged            |    27 |    14 |    36 |    19 ||    96
Block: Shield            |    56 |    51 |   164 |    60 ||   331
       Rpst.: Long sword |     5 |     5 |     9 |     2 ||    21
